| TOP OF THE 1ST |
|
Calgary Flames batting - Pitching for Tijuana Toros : RHP Jose Diaz
|
|
Pitching: RHP Jose Diaz
|
|
|
Batting: RHB Jim Harkness
|
0-0: Called Strike 0-1: Ball 1-1: Called Strike 1-2: Ball 2-2: Foul Ball, location: 2F 2-2: Strikes out looking
|
|
Batting: SHB Yu-hsui Lew
|
0-0: Called Strike 0-1: Swinging Strike 0-2: Foul Ball, location: 2F 0-2: Foul Ball, location: 2F 0-2: Ground out 4-3 (Groundball, 4, EV 83.1 MPH)
|
|
Batting: LHB Li-zhu Song
|
0-0: Swinging Strike 0-1: Ball 1-1: Ball 2-1: SINGLE (Line Drive, 89S, EV 101.2 MPH)
|
|
Batting: SHB Steve Wipf
|
0-0: Ball 1-0: Called Strike 1-1: Ball 2-1: DOUBLE (Line Drive, 78XD, EV 108.1 MPH) Li-zhu Song to third Runner from 3rd tries for Home, SAFE, no throw by LF
|
|
Batting: RHB Andre Thompson
|
0-0: Ball 1-0: Ball Passed Ball! Steve Wipf to third 2-0: Ball 3-0: Called Strike 3-1: Base on Balls
|
|
Batting: RHB Bruce Lovett
|
0-0: Ball 1-0: Ball Passed Ball! Steve Wipf scores Andre Thompson to second 2-0: Ball 3-0: Base on Balls
|
|
Batting: RHB Frank Pinksen
|
0-0: Ball 1-0: Ball 2-0: Ground out 5-3 (Groundball, 56S, EV 82.5 MPH)
|
| Top of the 1st over - 2 runs, 2 hits, 0 errors, 2 left on base; Calgary 2 - Tijuana 0 |
| BOTTOM OF THE 1ST |
|
Tijuana Toros batting - Pitching for Calgary Flames : RHP Scott Howarth
|
|
Pitching: RHP Scott Howarth
|
|
|
Batting: RHB Guillermo Puente
|
0-0: Called Strike 0-1: Foul Ball, location: 2F 0-2: Ground out 6-3 (Groundball, 6S, EV 82.5 MPH)
|
|
Batting: RHB Tony Vasquez
|
0-0: Ball 1-0: Foul Ball, location: 2F 1-1: Called Strike 1-2: Ground out 5-3 (Groundball, 56S, EV 84.4 MPH)
|
|
Batting: RHB Tan-ming Kwan
|
0-0: Called Strike 0-1: Swinging Strike 0-2: Strikes out swinging
|
| Bottom of the 1st over - 0 runs, 0 hits, 0 errors, 0 left on base; Calgary 2 - Tijuana 0 |
| TOP OF THE 2ND |
|
Calgary Flames batting - Pitching for Tijuana Toros : RHP Jose Diaz
|
|
Batting: RHB Chad Stady
|
0-0: Ball 1-0: Ball 2-0: Ground out 6-3 (Groundball, 6, EV 103.1 MPH)
|
|
Batting: RHB Jerry Olson
|
0-0: Ground out 5-3 (Groundball, 56, EV 86.2 MPH)
|
|
Batting: RHB Jim Harkness
|
0-0: Swinging Strike 0-1: Fly out, F8 (Flyball, 8LD, EV 96.2 MPH)
|
| Top of the 2nd over - 0 runs, 0 hits, 0 errors, 0 left on base; Calgary 2 - Tijuana 0 |
| BOTTOM OF THE 2ND |
|
Tijuana Toros batting - Pitching for Calgary Flames : RHP Scott Howarth
|
|
Batting: RHB Djoka Subasic
|
0-0: Ball 1-0: Ball 2-0: Foul Ball, location: 2F 2-1: SOLO HOME RUN (Flyball, 7D, EV 100.0 MPH), Distance : 386 ft
|
|
Batting: SHB Luis Diaz
|
0-0: Ground out 5-3 (Groundball, 6, EV 90.6 MPH)
|
|
Batting: RHB Jesus Herrera
|
0-0: Ball 1-0: Ball 2-0: Foul Ball, location: 2F 2-1: Foul Ball, location: 2F 2-2: Foul Ball, location: 2F 2-2: Ball 3-2: Foul Ball, location: 2F 3-2: Strikes out swinging
|
|
Batting: RHB Clay Holgate
|
0-0: Ball 1-0: Ball 2-0: DOUBLE (Flyball, 89XD, EV 94.4 MPH)
|
|
Batting: LHB Jose Diaz
|
0-0: Ball 1-0: Ball 2-0: Ball 3-0: Base on Balls
|
|
Batting: LHB Gerardo Arriaga
|
0-0: Ball 1-0: Foul Ball, location: 2F 1-1: Foul Ball, location: 2F 1-2: Strikes out swinging
|
| Bottom of the 2nd over - 1 run, 2 hits, 0 errors, 2 left on base; Calgary 2 - Tijuana 1 |
| TOP OF THE 3RD |
|
Calgary Flames batting - Pitching for Tijuana Toros : RHP Jose Diaz
|
|
Batting: SHB Yu-hsui Lew
|
0-0: Ball 1-0: Fly out, F6 (Popup, 6M, EV 71.9 MPH)
|
|
Batting: LHB Li-zhu Song
|
0-0: SINGLE (Groundball, 25, EV 74.4 MPH) (infield hit)
|
|
Batting: SHB Steve Wipf
|
0-0: SINGLE (Line Drive, 78S, EV 90.0 MPH) Li-zhu Song to second
|
|
Batting: RHB Andre Thompson
|
0-0: Ball 1-0: Ball 2-0: SINGLE (Groundball, 6D, EV 95.6 MPH) Li-zhu Song to third Steve Wipf to second Runner from 3rd tries for Home, SAFE, throw by LF to home
|
|
Batting: RHB Bruce Lovett
|
0-0: Ball 1-0: Grounds into double play, 6-4-3 (Groundball, 6, EV 80.6 MPH)
|
| Top of the 3rd over - 1 run, 3 hits, 0 errors, 1 left on base; Calgary 3 - Tijuana 1 |
| BOTTOM OF THE 3RD |
|
Tijuana Toros batting - Pitching for Calgary Flames : RHP Scott Howarth
|
|
Batting: RHB Guillermo Puente
|
0-0: Ball 1-0: Ball 2-0: Ball 3-0: Called Strike 3-1: Called Strike 3-2: Fly out, F9 (Flyball, 9S, EV 90.0 MPH)
|
|
Batting: RHB Tony Vasquez
|
0-0: Ground out 6-3 (Groundball, 6, EV 91.2 MPH)
|
|
Batting: RHB Tan-ming Kwan
|
0-0: Ball 1-0: SINGLE (Groundball, 4D, EV 108.8 MPH)
|
|
Batting: RHB Djoka Subasic
|
0-0: Ball 1-0: Called Strike 1-1: Fielders Choice at 2nd, 5-4 (Groundball, 56, EV 89.4 MPH)
|
| Bottom of the 3rd over - 0 runs, 1 hit, 0 errors, 1 left on base; Calgary 3 - Tijuana 1 |
| TOP OF THE 4TH |
|
Calgary Flames batting - Pitching for Tijuana Toros : RHP Jose Diaz
|
|
Batting: RHB Frank Pinksen
|
0-0: Called Strike 0-1: Ball 1-1: Ball 2-1: Called Strike 2-2: Ball 3-2: Ground out 5-3 (Groundball, 5, EV 85.0 MPH)
|
|
Batting: RHB Chad Stady
|
0-0: Foul Ball, location: 2F 0-1: Ball 1-1: SINGLE (Line Drive, 9S, EV 111.9 MPH)
|
|
Batting: RHB Jerry Olson
|
0-0: Fly out, F8 (Flyball, 8LM, EV 88.1 MPH)
|
|
Batting: RHB Jim Harkness
|
0-0: Foul Ball, location: 2F 0-1: Fly out, F8 (Line Drive, 8LD, EV 95.6 MPH)
|
| Top of the 4th over - 0 runs, 1 hit, 0 errors, 1 left on base; Calgary 3 - Tijuana 1 |
| BOTTOM OF THE 4TH |
|
Tijuana Toros batting - Pitching for Calgary Flames : RHP Scott Howarth
|
|
Batting: SHB Luis Diaz
|
0-0: Ball 1-0: Ball 2-0: Called Strike 2-1: Ball 3-1: Base on Balls
|
|
Batting: RHB Jesus Herrera
|
0-0: Ball Pickoff Throw by Catcher to First - Out! 1-0: Ball 2-0: Ball 3-0: Base on Balls
|
|
Batting: RHB Clay Holgate
|
0-0: Called Strike 0-1: Called Strike 0-2: Strikes out looking
|
|
Batting: LHB Jose Diaz
|
0-0: Called Strike 0-1: Ball 1-1: Foul Ball, location: 2F 1-2: Strikes out swinging
|
| Bottom of the 4th over - 0 runs, 0 hits, 0 errors, 1 left on base; Calgary 3 - Tijuana 1 |
| TOP OF THE 5TH |
|
Calgary Flames batting - Pitching for Tijuana Toros : RHP Jose Diaz
|
|
Batting: SHB Yu-hsui Lew
|
0-0: Called Strike 0-1: Foul Ball, location: 2F 0-2: Strikes out swinging
|
|
Batting: LHB Li-zhu Song
|
0-0: Swinging Strike 0-1: Called Strike 0-2: TRIPLE (Line Drive, 78XD, EV 108.1 MPH)
|
|
Batting: SHB Steve Wipf
|
0-0: Ball 1-0: Fly out, F7 (Flyball, 7, EV 85.6 MPH) Runner from 3rd tags up, SCORES, throw by LF
|
|
Batting: RHB Andre Thompson
|
0-0: Swinging Strike 0-1: Foul Ball, location: 2F 0-2: Ball 1-2: Ground out 5-3 (Groundball, 56S, EV 85.0 MPH)
|
| Top of the 5th over - 1 run, 1 hit, 0 errors, 0 left on base; Calgary 4 - Tijuana 1 |
| BOTTOM OF THE 5TH |
|
Tijuana Toros batting - Pitching for Calgary Flames : RHP Scott Howarth
|
|
Batting: LHB Gerardo Arriaga
|
0-0: Ball 1-0: Foul Ball, location: 2F 1-1: Ball 2-1: Fly out, F8 (Flyball, 8RM, EV 98.8 MPH)
|
|
Batting: RHB Guillermo Puente
|
0-0: Ball 1-0: Ball 2-0: Foul Ball, location: 2F 2-1: Foul Ball, location: 2F 2-2: Strikes out swinging
|
|
Batting: RHB Tony Vasquez
|
0-0: Foul Ball, location: 2F 0-1: Ball 1-1: Ball 2-1: Foul Ball, location: 2F 2-2: Foul Ball, location: 2F 2-2: Ground out 5-3 (Groundball, 5, EV 105.0 MPH)
|
| Bottom of the 5th over - 0 runs, 0 hits, 0 errors, 0 left on base; Calgary 4 - Tijuana 1 |
| TOP OF THE 6TH |
|
Calgary Flames batting - Pitching for Tijuana Toros : RHP Jose Diaz
|
|
Batting: RHB Bruce Lovett
|
0-0: Ball 1-0: Called Strike 1-1: Swinging Strike 1-2: Strikes out looking
|
|
Batting: RHB Frank Pinksen
|
0-0: Fly out, F8 (Flyball, 8RD, EV 72.5 MPH)
|
|
Batting: RHB Chad Stady
|
0-0: Foul Ball, location: 2F 0-1: Ball 1-1: Ball 2-1: Fly out, F9 (Flyball, 89M, EV 91.2 MPH)
|
| Top of the 6th over - 0 runs, 0 hits, 0 errors, 0 left on base; Calgary 4 - Tijuana 1 |
| BOTTOM OF THE 6TH |
|
Tijuana Toros batting - Pitching for Calgary Flames : RHP Scott Howarth
|
|
Batting: RHB Tan-ming Kwan
|
0-0: Called Strike 0-1: Ball 1-1: Ball 2-1: Foul Ball, location: 2F 2-2: Ball 3-2: Base on Balls
|
|
Batting: RHB Djoka Subasic
|
0-0: Called Strike 0-1: Called Strike 0-2: Ball 1-2: Ball 2-2: DOUBLE (Line Drive, 8LXD, EV 105.0 MPH) Tan-ming Kwan to third Runner from 3rd tries for Home, SAFE, no throw by CF
|
|
Pitching: RHP John Smyth
|
|
|
Batting: SHB Luis Diaz
|
0-0: Ball 1-0: Ground out 4-3 (Groundball, 4, EV 103.1 MPH) Djoka Subasic to third
|
|
Batting: RHB Jesus Herrera
|
0-0: Ball 1-0: Called Strike 1-1: Foul Ball, location: 2F 1-2: Fly out, F8 (Flyball, 89S, EV 91.2 MPH) Lined into DP, 8-5 (Flyball, 89S, EV 91.2 MPH)
|
| Bottom of the 6th over - 1 run, 1 hit, 0 errors, 0 left on base; Calgary 4 - Tijuana 2 |
| TOP OF THE 7TH |
|
Calgary Flames batting - Pitching for Tijuana Toros : RHP Jose Diaz
|
|
Batting: RHB Jerry Olson
|
0-0: Called Strike 0-1: Ball 1-1: Called Strike 1-2: Ball 2-2: Foul Ball, location: 2F 2-2: Ball 3-2: Foul Ball, location: 2F 3-2: Foul Ball, location: 2F 3-2: Strikes out swinging
|
|
Pitching: RHP Ben Madar
|
|
|
Pinch Hitting: RHB Alejandro Patron
|
0-0: Ball 1-0: Ball 2-0: Called Strike 2-1: Swinging Strike 2-2: Ball 3-2: Foul Ball, location: 2F 3-2: Strikes out swinging passed ball, reaches first!
|
|
Batting: SHB Yu-hsui Lew
|
0-0: Called Strike 0-1: Foul Ball, location: 2F 0-2: Strikes out looking
|
|
Batting: LHB Li-zhu Song
|
0-0: Ball Passed Ball! Alejandro Patron to second 1-0: Ball 2-0: Fly out, F7 (Flyball, 7LD, EV 102.5 MPH)
|
| Top of the 7th over - 0 runs, 0 hits, 0 errors, 1 left on base; Calgary 4 - Tijuana 2 |
| BOTTOM OF THE 7TH |
|
Tijuana Toros batting - Pitching for Calgary Flames : RHP John Smyth
|
|
Now at SS: Tyler Johnson
|
|
|
Pinch Hitting: RHB Guo Kwok
|
0-0: Ball 1-0: Ball 2-0: Ball 3-0: Base on Balls
|
|
Pitching: LHP Trevor Lewis
|
|
|
Batting: LHB Jose Diaz
|
0-0: Foul Ball, location: 2F 0-1: Foul Ball, location: 2F 0-2: Foul Ball, location: 2F 0-2: Ball 1-2: DOUBLE (Flyball, 8LXD, EV 115.6 MPH) Guo Kwok to third
|
|
Batting: LHB Gerardo Arriaga
|
0-0: Ball 1-0: Called Strike 1-1: Foul Ball, location: 2F 1-2: Fly out, F7 (Flyball, 7LSF, EV 95.6 MPH)
|
|
Pitching: RHP Nick Dey
|
|
|
Batting: RHB Guillermo Puente
|
0-0: Ball 1-0: Foul Ball, location: 2F 1-1: Ball 2-1: Called Strike 2-2: Foul Ball, location: 2F 2-2: Foul Ball, location: 2F 2-2: Ball 3-2: SINGLE (Groundball, 4M, EV 101.2 MPH) (infield hit) Guo Kwok scores Jose Diaz to third
|
|
Batting: RHB Tony Vasquez
|
0-0: Swinging Strike 0-1: Foul Ball, location: 2F 0-2: Ball 1-2: Fly out, F9 (Flyball, 9S, EV 89.4 MPH)
|
|
Batting: RHB Tan-ming Kwan
|
0-0: Swinging Strike 0-1: Swinging Strike 0-2: Ball Wild Pitch! Jose Diaz scores Guillermo Puente to second 1-2: Fly out, F8 (Flyball, 8RXD, EV 91.9 MPH)
|
| Bottom of the 7th over - 2 runs, 2 hits, 0 errors, 1 left on base; Calgary 4 - Tijuana 4 |
| TOP OF THE 8TH |
|
Calgary Flames batting - Pitching for Tijuana Toros : RHP Ben Madar
|
|
Now at 1B: Guo Kwok
|
|
|
Batting: SHB Steve Wipf
|
0-0: Called Strike 0-1: Ball 1-1: Foul Ball, location: 2F 1-2: Ball 2-2: SINGLE (Line Drive, 78S, EV 92.5 MPH)
|
|
Pinch Hitting: SHB Shawnie Codbucket
|
0-0: Fielders Choice at 2nd, 4-6 (Groundball, 4, EV 85.0 MPH)
|
|
Pinch Hitting: RHB Ahmed Elezi
|
0-0: Called Strike 0-1: Ball 1-1: Ball 2-1: Called Strike 2-2: Fly out, F7 (Flyball, 78S, EV 88.8 MPH)
|
|
Batting: LHB Bruce Daley
|
0-0: Ball 1-0: Called Strike 1-1: Swinging Strike 1-2: Strikes out swinging
|
| Top of the 8th over - 0 runs, 1 hit, 0 errors, 1 left on base; Calgary 4 - Tijuana 4 |
| BOTTOM OF THE 8TH |
|
Tijuana Toros batting - Pitching for Calgary Flames : RHP Nick Dey
|
|
Now at 2B: Pablo Henriquez
|
|
|
Now at 3B: Juan Maravilla
|
|
|
Batting: RHB Djoka Subasic
|
0-0: Foul Ball, location: 2F 0-1: Ball 1-1: Ball 2-1: Foul Ball, location: 2F 2-2: Ball 3-2: SINGLE (Groundball, 4D, EV 94.4 MPH)
|
|
Batting: SHB Luis Diaz
|
0-0: Ball 1-0: Foul Ball, location: 2F 1-1: Ball 2-1: Foul Ball, location: 2F 2-2: Strikes out swinging
|
|
Batting: RHB Jesus Herrera
|
0-0: Ball 1-0: Called Strike 1-1: Called Strike 1-2: Foul Ball, location: 2F 1-2: Ball 2-2: Ball 3-2: Foul Ball, location: 2F 3-2: Base on Balls Djoka Subasic to second
|
|
Pitching: RHP Dylan Aceituno
|
|
|
Batting: RHB Guo Kwok
|
0-0: Called Strike 0-1: Ball 1-1: Foul Ball, location: 2F 1-2: Ball 2-2: Ball 3-2: Strikes out swinging
|
|
Pitching: LHP Dong-u Jung
|
|
|
Batting: RHB Jaylen North
|
0-0: Ball 1-0: Swinging Strike 1-1: Ball 2-1: Ball 3-1: Base on Balls Djoka Subasic to third Jesus Herrera to second
|
|
Batting: LHB Gerardo Arriaga
|
0-0: Called Strike 0-1: Ground out 1-3 (Groundball, 13S, EV 72.5 MPH)
|
| Bottom of the 8th over - 0 runs, 1 hit, 0 errors, 3 left on base; Calgary 4 - Tijuana 4 |
| TOP OF THE 9TH |
|
Calgary Flames batting - Pitching for Tijuana Toros : RHP Ben Madar
|
|
Pinch Hitting: LHB Danny Valdovinos
|
0-0: Called Strike 0-1: Swinging Strike 0-2: Ball 1-2: Strikes out swinging
|
|
Pinch Hitting: RHB Mick Vaught
|
0-0: Ball 1-0: Called Strike 1-1: Fly out, F8 (Flyball, 8LM, EV 95.0 MPH)
|
|
Batting: RHB Tyler Johnson
|
0-0: Ball 1-0: Foul Ball, location: 2F 1-1: SINGLE (Groundball, 25, EV 67.5 MPH) (infield hit)
|
|
Pitching: RHP Joe Goodwin
|
|
|
Batting: SHB Yu-hsui Lew
|
0-0: Fielders Choice at 2nd, U4 (Groundball, 4M, EV 78.1 MPH)
|
| Top of the 9th over - 0 runs, 1 hit, 0 errors, 1 left on base; Calgary 4 - Tijuana 4 |
| BOTTOM OF THE 9TH |
|
Tijuana Toros batting - Pitching for Calgary Flames : LHP Dong-u Jung
|
|
Pitching: RHP Dennis Seebacher
|
|
|
Now at C: Ryan Allen
|
|
|
Now in LF: Juan Mercado
|
|
|
Batting: RHB Guillermo Puente
|
0-0: Ball 1-0: Called Strike 1-1: Ball 2-1: Ball 3-1: Called Strike 3-2: Strikes out swinging
|
|
Batting: RHB Tony Vasquez
|
0-0: Ball 1-0: Ball 2-0: Ball 3-0: Called Strike 3-1: Base on Balls
|
|
Batting: RHB Tan-ming Kwan
|
0-0: Called Strike 0-1: Ball 1-1: Swinging Strike 1-2: Strikes out swinging
|
|
Batting: RHB Djoka Subasic
|
0-0: Called Strike 0-1: SINGLE (Groundball, 6MD, EV 98.1 MPH) Tony Vasquez to second Runner from 2nd tries for 3rd, SAFE, throw by CF made to third
|
|
Batting: SHB Luis Diaz
|
0-0: Called Strike 0-1: Ball 1-1: Ground out 5-3 (Groundball, 56S, EV 87.5 MPH)
|
| Bottom of the 9th over - 0 runs, 1 hit, 0 errors, 2 left on base; Calgary 4 - Tijuana 4 |
| TOP OF THE 10TH |
|
Calgary Flames batting - Pitching for Tijuana Toros : RHP Joe Goodwin
|
|
Batting: LHB Li-zhu Song
|
0-0: Swinging Strike 0-1: Called Strike 0-2: Strikes out swinging
|
|
Batting: SHB Steve Wipf
|
0-0: Ball 1-0: SOLO HOME RUN (Flyball, 9D, EV 96.9 MPH), Distance : 364 ft
|
|
Batting: RHB Juan Maravilla
|
0-0: Ball 1-0: Foul Ball, location: 2F 1-1: Foul Ball, location: 2F 1-2: Foul Ball, location: 2F 1-2: Fly out, F2 (Popup, 23F, EV 81.2 MPH)
|
|
Batting: RHB Pablo Henriquez
|
0-0: Called Strike 0-1: SOLO HOME RUN (Line Drive, 78XD, EV 111.9 MPH), Distance : 443 ft
|
|
Batting: LHB Bruce Daley
|
0-0: Ground out 4-3 (Groundball, 4, EV 87.5 MPH)
|
| Top of the 10th over - 2 runs, 2 hits, 0 errors, 0 left on base; Calgary 6 - Tijuana 4 |
| BOTTOM OF THE 10TH |
|
Tijuana Toros batting - Pitching for Calgary Flames : RHP Dennis Seebacher
|
|
Now at 3B: Yu-hsui Lew
|
|
|
Now in RF: Greg Robertson
|
|
|
Batting: RHB Jesus Herrera
|
0-0: Ball 1-0: Called Strike 1-1: Foul Ball, location: 2F 1-2: Foul Ball, location: 2F 1-2: Strikes out swinging
|
|
Batting: RHB Guo Kwok
|
0-0: Foul Ball, location: 2F 0-1: Foul Ball, location: 2F 0-2: Ball 1-2: Foul Ball, location: 2F 1-2: Ball 2-2: Ball 3-2: SINGLE (Groundball, 56D, EV 102.5 MPH)
|
|
Pitching: RHP Nick Munk
|
|
|
Batting: RHB Jaylen North
|
0-0: Swinging Strike 0-1: Fielders Choice at 2nd, 1-6 (Groundball, 13S, EV 68.8 MPH)
|
|
Batting: LHB Gerardo Arriaga
|
0-0: Called Strike 0-1: Called Strike 0-2: Foul Ball, location: 2F 0-2: Foul Ball, location: 2F 0-2: Ball 1-2: Foul Ball, location: 2F 1-2: Strikes out swinging
|
| Bottom of the 10th over - 0 runs, 1 hit, 0 errors, 1 left on base; Calgary 6 - Tijuana 4 |
|